AoeStats
← So sad

Oasis

510154115Analyzed
3v3 RM · 20h ago on Sep 29, 2026· 31m 11s· 6 players
Game mode
Random Map
Map size
Normal (6 player)
Population
200
Speed
Normal
Resources
Standard
Victory
Conquest
Starting age
Dark Age
Ending age
Imperial Age
RankedLock teamsTeams togetherTeam positionsShared explorationLock speedFull tech treeHidden civsTurbo modeCheats
Victory
Defeat
🇭🇺 Ethiopians · Hungary
1488
+11
🇷🇺 Franks · Russia
1385
+15
🇬🇧 Lithuanians · United Kingdom
1325
+18
🇺🇦 Danes · Ukraine
1380
-15
🇧🇾 Celts · Belarus
1370
-15
🇧🇾 Mongols · Belarus
1364
-14
So sad
4:33 Loom
13:28 Feudal Age
23:35 Castle Age
23:32 Stone Mining
24:52 Fletching
30:00 Pikeman
NiL
5:34 Loom
11:02 Feudal Age
11:05 Man-at-Arms
11:58 Arson
16:45 Horse Collar
22:31 Castle Age
20:28 Stone Mining
20:54 Fletching
22:20 Double-Bit Axe
22:26 Gold Mining
22:47 Long Swordsman
23:34 Scale Mail Armor
23:38 Gambesons
24:49 Gambesons
25:04 Squires
24:54 Horse Collar
25:38 Bodkin Arrow
26:21 Pikeman
30:29 Wheelbarrow
30:07 Bow Saw
30:30 Forging
HURMA
9:01 Loom
11:09 Feudal Age
15:17 Castle Age
13:26 Double-Bit Axe
13:28 Horse Collar
14:35 Double-Bit Axe
17:21 Scale Mail Armor
21:14 Heavy Plow
22:52 Bow Saw
24:33 Man-at-Arms
26:05 Chain Mail Armor
26:02 Forging
25:15 Long Swordsman
26:50 Fletching
27:23 Pikeman
28:37 Bodkin Arrow
29:38 Wheelbarrow
29:26 Town Watch
30:56 Masonry
30:51 Gold Mining
Bl++d
2:11 Loom
10:43 Feudal Age
14:50 Wheelbarrow
14:34 Double-Bit Axe
14:32 Horse Collar
21:10 Castle Age
22:18 Bow Saw
22:37 Heavy Plow
24:33 Town Watch
25:44 Scale Mail Armor
29:48 Chain Mail Armor
30:36 Hand Cart
30:23 Gold Mining
30:48 Forging
boluwatifeajibade
6:17 Loom
8:29 Feudal Age
10:14 Double-Bit Axe
10:59 Horse Collar
20:48 Castle Age
19:20 Bloodlines
19:45 Scale Barding Armor
21:08 Forging
22:13 Bow Saw
23:35 Heavy Plow
23:33 Gold Mining
26:15 Chain Barding Armor
29:17 Wheelbarrow
29:54 Iron Casting
lidyaqu
5:48 Loom
10:51 Feudal Age
18:08 Forging
22:51 Castle Age
21:24 Scale Barding Armor
22:49 Gold Mining
22:48 Double-Bit Axe
23:34 Husbandry
23:33 Stone Mining
26:23 Chain Barding Armor
26:53 Town Watch
Connection lost

Rejoining the realm…

Still unreachable

The connection could not be restored.

Session expired

The server has moved on; the page needs a fresh start.